 Dungeon Crawl Stone Soup version 0.30.1-1-g62c8e00024 (webtiles) character file.

Game seed: 17594264534273561273

1 Inchmeat the Sneak (level 1, -8/19 HPs)
             Began as an Armataur Delver on July 18, 2023.
             Mangled by an iguana (10 damage)
             ... on level 5 of the Dungeon.
             The game lasted 00:00:12 (90 turns).

Inchmeat the Sneak (Armataur Delver)                  Turns: 90, Time: 00:00:12

Health: -8/19      AC:  4    Str: 17    XL:     1   Next: 16%
Magic:  1/1        EV:  9    Int: 10    God:
Gold:   8          SH:  0    Dex: 11    Spells: 0/0 levels left

rFire   . . .        a - +0 falchion
rCold   . . .        (no shield)
rNeg    . . .        b - +0 leather armour
rPois   .            (no helmet)
rElec   .            (no cloak)
rCorr   .            (no gloves)
SInv    .            (no barding)
Will    .....        (no amulet)
Stlth   +++          (no ring)
HPRegen 0.23/turn    (no ring)
MPRegen 0.07/turn

%: roll
@: no status effects
A: large, rugged brown scales 3, deformed body, armoured tail, roll, long
tongue, awkward tongue
a: no special abilities


You were on level 5 of the Dungeon.
You visited 1 branch of the dungeon, and saw 1 of its levels.

You collected 8 gold pieces.

Inventory:

Hand Weapons
 a - a +0 falchion (weapon)
Armour
 b - a +0 leather armour (worn)
Wands
 g - a wand of digging (3)
Scrolls
 c - a scroll of fog
 d - a scroll of magic mapping
 e - a scroll of fear
Potions
 f - a potion of haste
 h - a potion of curing {unknown}


   Skills:
 + Level 2.8 Fighting
 - Level 1.7 Long Blades
 - Level 1.3 Dodging
 - Level 5.4 Stealth


You couldn't memorise any spells.
You didn't know any spells.
Your spell library was empty.

Dungeon Overview and Level Annotations

Branches:
Dungeon (5/15)
 Temple: D:4-7

Altars:


Innate Abilities, Weirdness & Mutations

You are completely covered in rugged brown scales. (AC +3, +7% HP)
Armour fits poorly on your strangely shaped body.
You have a long armoured tail.
You roll when moving toward enemies. (Rampage)
Your long tongue fully drains potion bottles. (2x potion effects)
Your tongue gives you trouble enunciating. (1.5x scroll delay)


Message History

You now have 8 gold pieces.
h - a fuming ruby potion No target in view!
An iguana comes into view.
The iguana hisses angrily.
You roll towards the iguana!
The iguana bites you but does no damage.
You hit the iguana.
Your tail-slap misses the iguana.
The iguana is lightly wounded.
The iguana completely misses you.
The iguana hisses menacingly.
The iguana barely misses you.
You barely miss the iguana.
The iguana is lightly wounded.
The iguana bites you!
You hit the iguana.
Your tail-slap misses the iguana.
The iguana is lightly wounded.
The iguana barely misses you.
You hit the iguana. You tail-slap the iguana.
The iguana is moderately wounded.
The iguana bites you but does no damage.
You hit the iguana.
The iguana is heavily wounded.
The iguana bites you! The iguana barely misses you.
You are too injured to fight recklessly!
You are too injured to fight recklessly!
You are too injured to fight recklessly!
You are too injured to fight recklessly!
You hit the iguana but do no damage.
The iguana is heavily wounded.
The iguana bites you.
* * * LOW HITPOINT WARNING * * *
You hit the iguana.
The iguana is severely wounded.
The iguana barely misses you.
You closely miss the iguana. You tail-slap the iguana.
The iguana is almost dead.
The iguana bites you!
Ouch! That really hurt!
You die...

. . #. #.# # #..##
###.# ... ...
#l##.# # #.@..#
######### #..#..##
........#
##.....####
........#
###.#....#####
........#
##..####.....##
>....#### #...#
##..#..#
.....#########.#.#
#...##.##
..........##...#.#
#..###..##
.....####........#
##..# ##..#


You could see an iguana.

Vanquished Creatures
  A quokka (D:5)
1 creature vanquished.

Notes
Turn   | Place    | Note
-------+----------+-------------------------------------------
     0 | D:5      | Inchmeat the Armataur Delver began the quest for the Orb.
     0 | D:5      | Reached XP level 1. HP: 19/19 MP: 1/1
    80 | D:5      | Noticed an iguana
    90 | D:5      | Mangled by an iguana

Illustrated notes

Levels and vault maps discovered:
D:5:      minmay_chambers_of_threes, layout_rooms, minmay_ogre_servants

Action                     || total
---------------------------++-------
  Melee: Falchion          ||    12
         Tailslap          ||     2
 Armour: Leather armour    ||     4
  Dodge: Dodged            ||     5
